 Dungeon Crawl Stone Soup version 0.26-a0-844-g3dd439832f (webtiles) character file.

Game seed: 14145024574518995662

14079 robertstho the Frost Mage (level 12, -6/89 (91) HPs)
             Began as a Gnoll Ice Elementalist on Nov 18, 2020.
             Was an Initiate of Gozag.
             Mangled by a death yak (20 damage)
             ... on level 2 of the Lair of Beasts.
             The game lasted 00:27:37 (14528 turns).

robertstho the Frost Mage (Gnoll Ice Elementalist) Turns: 14528, Time: 00:27:38

HP:   -6/89 (91)    AC:  8    Str: 16    XL:     12   Next: 12%
MP:   23/24         EV: 17    Int: 21    God:    Gozag
Gold: 1061          SH: 11    Dex: 20    Spells: 5/28 levels left

rFire    + . .     SeeInvis +   v - +1 whip of the Iron City of Dis {venom, Str+4}
rCold    . . .     Faith    .   X - +0 kite shield (curse)
rNeg     . . .     Spirit   .   H - +2 robe {Archmagi}
rPois    +         Reflect  .   n - +0 helmet
rElec    .         Harm     .   (no cloak)
rCorr    .         Rampage  .   (no gloves)
MR       .....                  w - +1 pair of boots
Stlth    ++++......             I - amulet of magic regeneration
HPRegen  0.24/turn              q - ring of poison resistance
MPRegen  0.44/turn              N - ring "Duntuagi" {rF+ Dex+4 SInv}

@: gold aura, frozen ramparts
A: distributed training, fangs 1, strong nose
a: Potion Petition, Call Merchant, Bribe Branch, Renounce Religion


You were on level 2 of the Lair of Beasts.
You worshipped Gozag.
Gozag was most pleased with you.
You visited 2 branches of the dungeon, and saw 12 of its levels.
You also visited: Sewer.

You collected 2420 gold pieces.
You spent 607 gold pieces at shops.
You paid 752 gold pieces to Gozag.

Inventory:

Hand Weapons
 b - a +0 spear
 m - a +0 dagger of flaming
 v - the +1 whip of the Iron City of Dis (weapon) {venom, Str+4}
   (You found it on level 4 of the Dungeon)

   It poisons the flesh of those it strikes.
   It affects your strength (+4).
 J - the +0 great mace of Freehold {vorpal, *Slow MR+ Str+7}
   (You found it on level 7 of the Dungeon)

   It inflicts extra damage upon your enemies.
   It affects your strength (+7).
   It affects your resistance to hostile enchantments.
   It may slow you when you take damage.
 K - a +0 flail of protection
 P - a +4 short sword of venom
Armour
 n - a +0 helmet (worn)
 p - a +2 robe of cold resistance
 w - a +1 pair of boots (worn)
 H - a +2 robe of the Archmagi (worn)
 O - the +0 robe "Ytybia" {Harm rElec}
   (You found it on level 7 of the Dungeon)

   It insulates you from electricity.
   It increases damage dealt and taken.
 V - a +0 buckler
 X - a cursed +0 kite shield (worn)
Magical Staves
 r - an uncursed staff of fire
 u - an uncursed staff of conjuration
Jewellery
 q - a ring of poison resistance (left hand)
 F - an uncursed ring of protection from cold
 I - an amulet of magic regeneration (around neck)
 L - a +4 ring of protection
 M - an uncursed amulet of the acrobat
 N - the ring "Duntuagi" (right hand) {rF+ Dex+4 SInv}
   (You found it on level 7 of the Dungeon)

   [ring of see invisible]

   It affects your dexterity (+4).
   It protects you from fire.
   It lets you see invisible.
Wands
 x - a wand of iceblast (14)
 A - a wand of enslavement (6)
 B - a wand of random effects (13)
 G - a wand of acid (11)
 T - a wand of flame (14)
 W - a wand of disintegration (12)
 Y - a wand of polymorph (22)
Scrolls
 c - 3 scrolls of amnesia
 d - 2 scrolls of enchant weapon
 e - 7 scrolls of magic mapping
 f - 3 scrolls of immolation {unknown}
 h - 5 scrolls of remove curse
 i - 5 scrolls of enchant armour {unknown}
 k - 6 scrolls of teleportation
 y - 3 scrolls of random uselessness {unknown}
 C - 4 scrolls of fog {unknown}
 E - 6 scrolls of fear {unknown}
 Q - a scroll of identify
 R - a scroll of holy word
Potions
 a - 14 potions of curing
 g - 2 potions of flight
 j - 6 potions of brilliance
 l - 9 potions of heal wounds
 o - 2 potions of mutation
 s - 3 potions of cancellation
 t - a potion of invisibility
 z - 7 potions of might
 D - 2 potions of magic
 S - a potion of ambrosia
 U - a potion of berserk rage


   Skills:
 + Level 7.0 Fighting
 + Level 7.0 Short Blades
 + Level 7.0 Long Blades
 + Level 7.0 Axes
 + Level 7.0 Maces & Flails
 + Level 7.0 Polearms
 + Level 7.0 Staves
 + Level 7.0 Slings
 + Level 7.0 Bows
 + Level 7.0 Crossbows
 + Level 7.0 Throwing
 + Level 7.0 Armour
 + Level 8.4 Dodging
 + Level 8.2 Stealth
 + Level 7.0 Shields
 + Level 7.0 Unarmed Combat
 + Level 8.7 Spellcasting
 + Level 5.8 Conjurations
 + Level 5.8 Hexes
 + Level 5.8 Summonings
 + Level 5.8 Necromancy
 + Level 5.8 Translocations
 + Level 5.8 Transmutations
 + Level 5.8 Fire Magic
 + Level 9.2 Ice Magic
 + Level 5.8 Air Magic
 + Level 5.8 Earth Magic
 + Level 5.8 Poison Magic
 + Level 7.6 Invocations
 + Level 7.0 Evocations


You had 5 spell levels left.
You knew the following spells:

 Your Spells              Type           Power        Failure   Level
a - Freeze                Ice            ####         1%          1
b - Frozen Ramparts       Ice            ######       1%          3
c - Ozocubu's Armour      Ice            ######..     1%          3
d - Hailstorm             Conj/Ice       ######..     10%         4
e - Summon Ice Beast      Ice/Summ       ######..     10%         4
f - Blink                 Tloc           N/A          2%          2
g - Dazzling Flash        Conj/Hex       ######       5%          3
h - Searing Ray           Conj           ######       2%          2
i - Apportation           Tloc           ######       1%          1

Your spell library contained the following spells:

 Spells                   Type           Power        Failure   Level
 Animate Skeleton         Necr           ######       1%          1
 Corona                   Hex            ######.      1%          1
 Magic Dart               Conj           ####         1%          1
 Summon Small Mammal      Summ           ####         1%          1
 Call Imp                 Summ           ######..     2%          2
 Slow                     Hex            ######..     2%          2
 Confusing Touch          Hex            ######..     5%          3
 Conjure Flame            Conj/Fire      ######..     5%          3
 Lesser Beckoning         Tloc           ######....   5%          3
 Mephitic Cloud           Conj/Pois/Air  ######..     5%          3
 Portal Projectile        Hex/Tloc       ######       5%          3
 Tukima's Dance           Hex            ######..     5%          3
 Fulminant Prism          Conj/Hex       ######....   19%         4
 Iskenderun's Mystic Bla  Conj/Tloc      ######..     19%         4
 Metabolic Englaciation   Hex/Ice        ######....   26%         5
 Alistair's Intoxication  Tmut/Pois      ######...    45%         5
 Yara's Violent Unravell  Hex/Tmut       ######....   45%         5
 Invisibility             Hex            ######..     96%         6
 Malign Gateway           Summ/Tloc      ######....   100%        7
 Monstrous Menagerie      Summ           ######....   100%        7
 Summon Greater Demon     Summ           ######....   100%        7
 Summon Horrible Things   Summ           ######....   100%        8


Dungeon Overview and Level Annotations

Branches:
Dungeon (10/15)            Temple (0/1) D:6            Lair (2/6) D:8
  Sewer (visited)
  Swamp: Lair:2-4    Shoals: Lair:2-4     Snake: Lair:2-4    Spider: Lair:2-4
    Orc: D:9-12

Altars:
Ashenzari
Elyvilon
Gozag
Kikubaaqudgha
Makhleb
Qazlal
Ru
Sif Muna
Xom
Yredelemnul
The Shining One

Shops:
D:5 !   D:8 *


Innate Abilities, Weirdness & Mutations

Your experience applies equally to all skills.
You have very sharp teeth.
Your uncanny sense of smell can sniff out nearby items.


Message History

You are too injured to fight recklessly!
Unknown command.
You hit the death yak but do no damage.
The death yak looks as sick as possible!
The death yak is severely wounded.
The wall freezes the death yak. x2
The death yak snorts and paws the ground.
The wall freezes the death yak.
You barely miss the death yak.
The death yak is heavily wounded.
The wall freezes the death yak.
The death yak gores you!!
* * * LOW HITPOINT WARNING * * *
The wall freezes the death yak! x2; The death yak gores you.
* * * LOW HITPOINT WARNING * * *
Your shield prevents you from hitting the death yak.
You bite the death yak, but do no damage.
The death yak is severely wounded.
The wall freezes the death yak.
The death yak gores you!!
You die...
Your body crumbles into a pile of gold.

...........................P
....................Y.......
.............................≈≈≈≈
..................Y.........≈≈≈≈≈
............................≈≈≈P≈
..........#. #........≈≈P≈≈
...........# ##.......P≈P≈≈≈
##.+.##....########$.......≈≈≈P≈≈
###>###...##....@YY'...........≈≈
##..# #.....+...Y###....P......##
#...###...###.....##.............
##........##.....###....P......##
#P...#P...###.....##....##..####.
#######...# ##.#####....###...###
#####.#...####### ##.............
##.##.#...PP#P#.###..............
.................................


You could see 3 death yaks.

Vanquished Creatures
  Harold (D:7)
  A death yak (Lair:2)
  Pikel (D:4)
  A deep elf mage (D:9)
  A black mamba (Lair:2)
  Psyche (D:8)
  The ghost of strifetoe the Cleaver, a novice MiMo (D:4)
  4 cane toads
  A komodo dragon (Lair:1)
  Sigmund (D:3)
  6 yaks (Lair:1)
  A wraith (D:9)
  A vampire mosquito (D:7)
  5 water moccasins
  3 orc warriors
  2 ice beasts
  A black bear (D:8)
  3 necrophages
  3 sky beasts (D:7)
  A phantom (D:7)
  3 ogres
  6 centaurs
  3 lemures (D:4)
  2 big kobolds
  2 elf zombies (D:9)
  Blork the orc (D:6)
  12 bullfrogs
  3 scorpions
  A water moccasin skeleton (D:9)
  5 killer bees (D:8)
  3 wights
  A crimson imp (D:5)
  A bullfrog zombie (D:7)
  3 jellies (D:7)
  A centaur zombie (D:8)
  3 iron imps (D:8)
  6 hounds
  3 human zombies (D:9)
  8 orc priests
  4 orc wizards
  A bullfrog skeleton (D:7)
  5 centaur skeletons
  Jessica (D:3)
  An iguana (D:8)
  7 hell rats (Lair:2)
  9 worker ants
  A killer bee zombie (D:7)
  An ogre zombie (D:9)
  2 hound zombies
  2 worker ant zombies
  Robin (D:3)
  3 gnolls (D:5)
  24 adders
  7 river rats
  2 shadow imps
  2 white imps
  4 ufetubi
  4 oozes
  An adder zombie (D:8)
  2 adder skeletons
  9 worms
  3 dart slugs
  9 leopard geckos
  20 orcs
  12 ball pythons
  8 bats
  14 giant cockroaches
  10 goblins
  10 hobgoblins
  19 jackals
  2 quokkas
  5 frilled lizards
  10 kobolds
  A leopard gecko skeleton (D:3)
  An orc zombie (D:9)
  2 quokka zombies (D:7)
  28 rats
353 creatures vanquished.

Vanquished Creatures (collateral kills)
  An ugly thing (D:7)
  2 trolls (D:9)
  9 yaks
  A steam dragon (D:9)
  Duvessa (D:4)
  2 orc warriors
  An ogre (D:6)
  Dowan (D:4)
  2 wights (D:6)
  An orc priest (D:6)
  A hound zombie (D:9)
  A worm (D:4)
  A giant cockroach (D:4)
24 creatures vanquished.

Vanquished Creatures (others)
  19 fungi
  23 plants
42 creatures vanquished.

Grand Total: 419 creatures vanquished

Notes
Turn   | Place    | Note
-------+----------+-------------------------------------------
     0 | D:1      | robertstho the Gnoll Ice Elementalist began the quest for
                  | the Orb.
     0 | D:1      | Reached XP level 1. HP: 13/13 MP: 6/6
   331 | D:1      | Reached XP level 2. HP: 19/19 MP: 7/7
   933 | D:2      | Reached skill level 5 in Spellcasting
   933 | D:2      | Reached XP level 3. HP: 25/25 MP: 6/9
   937 | D:2      | Learned a level 3 spell: Frozen Ramparts
   941 | D:2      | Learned a level 3 spell: Ozocubu's Armour
  1201 | D:2      | Reached skill level 1 in Invocations
  1379 | D:2      | You fall into a shaft and drop 1 floor!
  1505 | D:3      | Reached skill level 1 in Fighting
  1505 | D:3      | Reached skill level 1 in Short Blades
  1505 | D:3      | Reached skill level 1 in Long Blades
  1505 | D:3      | Reached skill level 1 in Axes
  1505 | D:3      | Reached skill level 1 in Maces & Flails
  1505 | D:3      | Reached skill level 1 in Polearms
  1505 | D:3      | Reached skill level 1 in Staves
  1505 | D:3      | Reached skill level 1 in Slings
  1505 | D:3      | Reached skill level 1 in Bows
  1505 | D:3      | Reached skill level 1 in Crossbows
  1505 | D:3      | Reached skill level 1 in Throwing
  1505 | D:3      | Reached skill level 1 in Armour
  1505 | D:3      | Reached skill level 1 in Shields
  1505 | D:3      | Reached skill level 1 in Unarmed Combat
  1505 | D:3      | Reached skill level 1 in Evocations
  1518 | D:3      | Reached XP level 4. HP: 23/32 MP: 11/11
  1742 | D:3      | Reached skill level 1 in Conjurations
  1742 | D:3      | Reached skill level 1 in Hexes
  1742 | D:3      | Reached skill level 1 in Summonings
  1742 | D:3      | Reached skill level 1 in Necromancy
  1742 | D:3      | Reached skill level 1 in Translocations
  1742 | D:3      | Reached skill level 1 in Transmutations
  1742 | D:3      | Reached skill level 1 in Fire Magic
  1742 | D:3      | Reached skill level 1 in Air Magic
  1742 | D:3      | Reached skill level 1 in Earth Magic
  1742 | D:3      | Reached skill level 1 in Poison Magic
  1827 | D:3      | Noticed Robin
  1833 | D:3      | Killed Robin
  1917 | D:3      | Noticed Sigmund
  1934 | D:3      | Killed Sigmund
  1935 | D:3      | Reached XP level 5. HP: 16/38 MP: 6/12
  1935 | D:3      | Reached XP level 6. HP: 19/44 MP: 7/14
  2171 | D:3      | Noticed Jessica
  2189 | D:3      | Killed Jessica
  2190 | D:3      | Reached skill level 5 in Dodging
  2462 | D:3      | Found a white marble altar of Elyvilon.
  2534 | D:3      | Reached XP level 7. HP: 50/50 MP: 9/15
  3816 | D:2      | Found an opulent altar of Gozag.
  4069 | D:4      | Noticed Pikel
  4089 | D:4      | Killed Pikel
  4090 | D:4      | Reached skill level 5 in Stealth
  4090 | D:4      | Reached XP level 8. HP: 45/58 MP: 11/16
  4254 | D:4      | Found a runed translucent door.
  4255 | D:4      | Noticed strifetoe's ghost (novice MiMo)
  4315 | D:4      | Got a faintly glowing whip
  4315 | D:4      | Identified the +1 whip of the Iron City of Dis {venom,
                  | Str+4} (You found it on level 4 of the Dungeon)
  4367 | D:4      | Learned a level 4 spell: Hailstorm
  4372 | D:4      | Learned a level 4 spell: Summon Ice Beast
  4381 | D:4      | Killed strifetoe's ghost
  4398 | D:4      | Found a runed translucent door.
  4685 | D:4      | Noticed Duvessa
  4685 | D:4      | Noticed Dowan
  4714 | D:4      | Killed Duvessa
  4722 | D:4      | Killed Dowan
  5101 | D:5      | Entered Level 5 of the Dungeon
  5346 | D:5      | Found a glowing drain.
  5358 | Sewer    | Entered a sewer
  5624 | Sewer    | Reached XP level 9. HP: 59/65 MP: 14/18
  6725 | D:2      | Became a worshipper of Gozag Ym Sagoz the Greedy
  6952 | D:6      | Reached skill level 8 in Ice Magic
  7545 | D:6      | Found a broken altar of Ashenzari.
  7642 | D:6      | Noticed Blork the orc
  7648 | D:6      | Killed Blork the orc
  7717 | D:6      | Found a staircase to the Ecumenical Temple.
  7904 | D:7      | Reached skill level 5 in Invocations
  8270 | D:7      | Found a basalt altar of Yredelemnul.
  8272 | D:7      | Found a sacrificial altar of Ru.
  8272 | D:7      | Found a glowing golden altar of the Shining One.
  8272 | D:7      | Found a stormy altar of Qazlal.
  8401 | D:7      | Noticed Harold
  8420 | D:7      | Killed Harold
  8421 | D:7      | Reached skill level 5 in Fighting
  8421 | D:7      | Reached skill level 5 in Short Blades
  8421 | D:7      | Reached skill level 5 in Long Blades
  8421 | D:7      | Reached skill level 5 in Axes
  8421 | D:7      | Reached skill level 5 in Maces & Flails
  8421 | D:7      | Reached skill level 5 in Polearms
  8421 | D:7      | Reached skill level 5 in Staves
  8421 | D:7      | Reached skill level 5 in Slings
  8421 | D:7      | Reached skill level 5 in Bows
  8421 | D:7      | Reached skill level 5 in Crossbows
  8421 | D:7      | Reached skill level 5 in Throwing
  8421 | D:7      | Reached skill level 5 in Armour
  8421 | D:7      | Reached skill level 5 in Shields
  8421 | D:7      | Reached skill level 5 in Unarmed Combat
  8421 | D:7      | Reached skill level 5 in Evocations
  8421 | D:7      | Reached XP level 10. HP: 35/74 MP: 5/20
  9394 | D:7      | Noticed a red ugly thing
  9405 | D:7      | Killed a red ugly thing
  9415 | D:7      | Identified the Tome of the Bewitching Escort
  9429 | D:7      | Got a shimmering great mace
  9440 | D:7      | Got a flickering turquoise ring
  9445 | D:7      | Got a colourful robe
  9937 | D:5      | Identified the ring "Duntuagi" {rF+ Dex+4 SInv} (You found
                  | it on level 7 of the Dungeon)
  9959 | D:5      | Identified the +0 robe "Ytybia" {Harm rElec} (You found it
                  | on level 7 of the Dungeon)
  9971 | D:5      | Bought a potion of heal wounds for 75 gold pieces
  9971 | D:5      | Bought a potion of curing for 45 gold pieces
  9971 | D:5      | Bought a potion of flight for 45 gold pieces
  9971 | D:5      | Bought a potion of curing for 45 gold pieces
  9971 | D:5      | Bought a potion of magic for 120 gold pieces
 10235 | D:8      | Learned a level 2 spell: Blink
 10239 | D:8      | Learned a level 3 spell: Dazzling Flash
 10242 | D:8      | Learned a level 2 spell: Searing Ray
 10244 | D:8      | Learned a level 1 spell: Apportation
 10448 | D:8      | Found a glowing golden altar of the Shining One.
 10485 | D:8      | Noticed Psyche
 10496 | D:8      | Killed Psyche
 10696 | D:8      | Reached XP level 11. HP: 71/80 MP: 16/22
 10854 | D:8      | Found a burning altar of Makhleb.
 11076 | D:8      | Found a shimmering altar of Xom.
 11092 | D:8      | Found a staircase to the Lair.
 11123 | D:8      | Found Hilanas's General Store.
 11138 | D:8      | Bought 2 potions of curing for 90 gold pieces
 11138 | D:8      | Bought a potion of heal wounds for 75 gold pieces
 11138 | D:8      | Bought a scroll of holy word for 112 gold pieces
 11138 | D:8      | Identified the cursed +0 great mace of Freehold {vorpal,
                  | *Slow MR+ Str+7} (You found it on level 7 of the Dungeon)
 11451 | D:9      | Reached skill level 5 in Conjurations
 11451 | D:9      | Reached skill level 5 in Hexes
 11451 | D:9      | Reached skill level 5 in Summonings
 11451 | D:9      | Reached skill level 5 in Necromancy
 11451 | D:9      | Reached skill level 5 in Translocations
 11451 | D:9      | Reached skill level 5 in Transmutations
 11451 | D:9      | Reached skill level 5 in Fire Magic
 11451 | D:9      | Reached skill level 5 in Air Magic
 11451 | D:9      | Reached skill level 5 in Earth Magic
 11451 | D:9      | Reached skill level 5 in Poison Magic
 11638 | D:9      | Found a shimmering blue altar of Sif Muna.
 11638 | D:9      | Noticed a deep elf mage
 11655 | D:9      | Killed a deep elf mage
 11987 | D:9      | Found an ancient bone altar of Kikubaaqudgha.
 12474 | D:9      | Found a shimmering blue altar of Sif Muna.
 12526 | D:10     | Entered Level 10 of the Dungeon
 12608 | D:10     | Reached skill level 9 in Ice Magic
 12837 | Lair:1   | Entered Level 1 of the Lair of Beasts
 14231 | Lair:2   | Reached XP level 12. HP: 60/87 MP: 24/24
 14501 | Lair:2   | Noticed a death yak
 14501 | Lair:2   | Noticed a death yak
 14501 | Lair:2   | Noticed a death yak
 14501 | Lair:2   | Noticed a death yak
 14517 | Lair:2   | Killed a death yak
 14528 | Lair:2   | Mangled by a death yak

Illustrated notes

Levels and vault maps discovered:
D:1:      kennysheep_arrival_forest, layout_basic, minmay_fountain_box
D:2:      layout_loops_ring, nicolae_gozag_cash_rules_everything_around_me,
          serial_rivers, chequers_serial_rivers_micro_d,
          chequers_serial_rivers_micro_e, chequers_serial_rivers_micro_c,
          chequers_serial_rivers_large_a, chequers_serial_rivers_room_b
D:3:      minmay_bubble_buster, layout_basic, lemuel_doored_altar,
          lemuel_another_geyser, uniq_jessica, uniq_sigmund, uniq_robin
D:4:      layout_basic, ebering_ghost_sewer_f, amethyst_killhole, uniq_duvessa,
          uniq_pikel
D:5:      layout_basic, portal_sewer_entry_e, minmay_fire_ice_demons
D:6:      layout_gridville, minmay_temple_entry_statues_fountains, basic_altar,
          uniq_blork_the_orc
D:7:      minmay_the_grid_octo_tiled_octocenter [minmay_the_grid_octo_shrine,
          minmay_the_grid_octo_toaster, minmay_the_grid_octo_tetromino_candy,
          minmay_the_grid_octo_horde, minmay_the_grid_octo_prize_star,
          minmay_the_grid_square_5x5_comb,
          minmay_the_grid_square_5x5_inverted_slash,
          minmay_the_grid_square_5x5_percent,
          minmay_the_grid_square_5x5_shuriken], layout_basic,
          minmay_fractal_squares_diagonal_5, uniq_harold
D:8:      minmay_chambers_of_fours, layout_basic, demons_altar, kennysheep_mini,
          grunt_lair_entry_orc_guard_hut, serial_shops, shop, tso_metal_star,
          uniq_psyche
D:9:      layout_roguey, led_sif_pool, lemuel_mausoleum_altar_kikubaaqudgha,
          david_defended_altar_elf
D:10:     gammafunk_mikee_crab_dinner, layout_irregular_city,
          gammafunk_ghost_cemetery
Lair:1:   layout_hall_layers, grunt_forest_small_clearing_treed,
          infiniplex_staircase_pool_2
Lair:2:   layout_regular_city, guppyfry_lair_drakes, serial_bayou_shore_a

Skill      XL: |  1  2  3  4  5  6  7  8  9 10 11 12 |
---------------+-------------------------------------+-----
Spellcasting   | 5 6 7 8 |  8.7
Invocations    | 1 2 3 4 5 6 7 |  7.6
Fighting       | 1 2 3 5 6 7 |  7.0
Short Blades   | 1 2 3 5 6 7 |  7.0
Long Blades    | 1 2 3 5 6 7 |  7.0
Axes           | 1 2 3 5 6 7 |  7.0
Maces & Flails | 1 2 3 5 6 7 |  7.0
Polearms       | 1 2 3 5 6 7 |  7.0
Staves         | 1 2 3 5 6 7 |  7.0
Slings         | 1 2 3 5 6 7 |  7.0
Bows           | 1 2 3 5 6 7 |  7.0
Crossbows      | 1 2 3 5 6 7 |  7.0
Throwing       | 1 2 3 5 6 7 |  7.0
Armour         | 1 2 3 5 6 7 |  7.0
Shields        | 1 2 3 5 6 7 |  7.0
Unarmed Combat | 1 2 3 5 6 7 |  7.0
Evocations     | 1 2 3 5 6 7 |  7.0
Conjurations   | 1 2 3 4 5 |  5.8
Hexes          | 1 2 3 4 5 |  5.8
Summonings     | 1 2 3 4 5 |  5.8
Necromancy     | 1 2 3 4 5 |  5.8
Translocations | 1 2 3 4 5 |  5.8
Transmutations | 1 2 3 4 5 |  5.8
Fire Magic     | 1 2 3 4 5 |  5.8
Air Magic      | 1 2 3 4 5 |  5.8
Earth Magic    | 1 2 3 4 5 |  5.8
Poison Magic   | 1 2 3 4 5 |  5.8
Dodging        | 5 6 7 8 |  8.4
Stealth        | 5 6 7 8 |  8.2
Ice Magic      | 8 9 |  9.2

Action                   |  1- 3 |  4- 6 |  7- 9 | 10-12 || total
-------------------------+-------+-------+-------+-------++-------
Melee: Spear             |    77 |    48 |    52 |       ||   177
       Bite              |     6 |     3 |    33 |    70 ||   112
       Whip              |       |       |   222 |   317 ||   539
       Punch             |       |       |     6 |    18 ||    24
       Short sword       |       |       |       |    58 ||    58
       Staff             |       |       |       |    14 ||    14
 Cast: Freeze            |     9 |     1 |       |     8 ||    18
       Frozen Ramparts   |    10 |    19 |    51 |    55 ||   135
       Summon Ice Beast  |       |       |     9 |    13 ||    22
       Hailstorm         |       |       |     4 |     7 ||    11
       Searing Ray       |       |       |       |    19 ||    19
Invok: Call Merchant     |       |       |       |     1 ||     1
  Use: Potion            |     2 |       |       |       ||     2
       Scroll            |       |       |     2 |    19 ||    21
 Stab: Sleeping          |    11 |     2 |     6 |     8 ||    27
       Distracted        |       |       |     2 |     6 ||     8
Armor: Robe              |    11 |     4 |    72 |    60 ||   147
Dodge: Dodged            |    48 |    32 |   256 |   268 ||   604
Block: Kite shield       |       |       |       |    52 ||    52
       Buckler           |       |       |       |     3 ||     3

Table legend: (Time is in decaauts)
 A = Elapsed time spent in this place.
 B = Non-inter-level travel time spent in this place.
 C = Inter-level travel time spent in this place.
 D = Time resting spent in this place.
 E = Time spent auto-exploring this place.
 F = Levels seen in this place.
 G = Mean time per level.
                   A        B        C        D        E       F      G
               +--------+--------+--------+--------+--------+-----+--------+
         Total |  14570 |  13655 |    915 |    101 |  10514 |  13 | 1120.8 |
       Dungeon |  12293 |  11409 |    884 |     81 |   8903 |  10 | 1229.3 |
          Lair |   1675 |   1644 |     31 |      0 |   1336 |   2 |  837.5 |
         Sewer |    602 |    602 |      0 |     20 |    275 |   1 |  602.0 |
               +--------+--------+--------+--------+--------+-----+--------+

Top non-repeatable levels by time:
     D:7: 2083 daAuts
     D:3: 1834 daAuts
     D:2: 1490 daAuts
     D:9: 1331 daAuts
     D:8: 1326 daAuts
     D:4: 1089 daAuts
     D:5: 1070 daAuts
  Lair:1: 1060 daAuts
     D:6: 1035 daAuts
     D:1: 931 daAuts
  Lair:2: 615 daAuts
   Sewer: 602 daAuts
    D:10: 98 daAuts
